AoeStats
← aroz

Arena

510818491Analyzed
1v1 RM · 9h ago on Oct 2, 2026· 40m 32s· 2 players
Game mode
Random Map
Map size
Tiny (2 player)
Population
200
Speed
Normal
Resources
Standard
Victory
Conquest
Starting age
Dark Age
Ending age
Imperial Age
RankedLock teamsTeams togetherTeam positionsShared explorationLock speedFull tech treeHidden civsTurbo modeCheats
Victory
Defeat
🇨🇭 Spanish · Switzerland
1342
+18
🇪🇸 Malians · Spain
1385
-18
ErwinEgo1
10:13 Feudal Age
14:03 Castle Age
12:51 Loom
23:20 Horse Collar
40:22 Imperial Age
40:27 Bloodlines
aroz
8:33 Loom
10:42 Feudal Age
14:22 Castle Age
12:39 Double-Bit Axe
13:41 Horse Collar
16:14 Bow Saw
34:03 Scale Mail Armor
34:24 Forging
37:07 Chain Mail Armor
Connection lost

Rejoining the realm…

Still unreachable

The connection could not be restored.

Session expired

The server has moved on; the page needs a fresh start.